 Dungeon Crawl Stone Soup version 0.21.0-34-g9234887 (webtiles) character file.

1229 tidbits the Insei (level 8, 2/60 HPs)
             Began as a Gnoll Transmuter on Jan 30, 2018.
             Quit the game on level 7 of the Dungeon.
             The game lasted 00:14:59 (1469 turns).

tidbits the Insei (Gnoll Transmuter)                Turns: 1469, Time: 00:14:59

Health: 2/60       AC:  5    Str: 18    XL:     8   Next: 48%
Magic:  17/17      EV: 16    Int: 17    God:
Gold:   191        SH:  0    Dex: 16    Spells: 11/19 levels left

rFire    . . .     SeeInvis .   q - +0 dagger
rCold    . . .     Gourm    .   (no shield)
rNeg     . . .     Faith    .   B - +2 robe {MR+}
rPois    .         Spirit   .   (no helmet)
rElec    .         Reflect  .   (no cloak)
rCorr    .         Harm     .   G - +0 pair of gloves
MR       +....                  (no boots)
Stlth    ++........             p - amulet of magic regeneration
HPRegen  0.20/turn              (no ring)
MPRegen  0.40/turn              (no ring)

@: mighty, lethally poisoned (2 -> -13)
A: distributed training, fangs 1, strong nose
a: no special abilities


You were on level 7 of the Dungeon.
You were hungry.

You visited 1 branch of the dungeon, and saw 7 of its levels.

You collected 191 gold pieces.

Inventory:

Hand Weapons
 m - a +0 short sword
 q - a +0 dagger (weapon)
 t - a +0 whip of electrocution
   (You took it off Pikel on level 4 of the Dungeon)
 u - a +0 hunting sling
Missiles
 e - 6 poisoned needles
Armour
 b - a +0 robe
 B - a +2 robe of magic resistance (worn)
   (You took it off a wight on level 5 of the Dungeon)
 G - a +0 pair of gloves (worn)
Jewellery
 p - an amulet of magic regeneration (around neck)
   (You found it on level 2 of the Dungeon)
 s - an uncursed amulet of faith {unknown}
   (You found it on level 3 of the Dungeon)
Scrolls
 h - 2 scrolls of teleportation
 n - a scroll of fog
 r - a scroll of remove curse
 w - a scroll of amnesia {unknown}
Potions
 k - a potion of resistance
Books
 c - a book of Changes

   Spells                             Type                      Level
   a - Beastly Appendage              Transmutation                1
   b - Sticks to Snakes               Transmutation                2
   c - Spider Form                    Transmutation/Poison         3
   d - Ice Form                       Ice/Transmutation            4
   e - Blade Hands                    Transmutation                5
 f - a book of Flames
   (You found it on level 5 of the Dungeon)

   Spells                             Type                      Level
   a - Flame Tongue                   Conjuration/Fire             1
   b - Throw Flame                    Conjuration/Fire             2
   c - Conjure Flame                  Conjuration/Fire             3
   d - Inner Flame                    Hexes/Fire                   3
   e - Sticky Flame                   Conjuration/Fire             4
   f - Fireball                       Conjuration/Fire             5
 o - a book of Cantrips
   (You found it on level 3 of the Dungeon)

   Spells                             Type                      Level
   a - Confusing Touch                Hexes                        1
   b - Animate Skeleton               Necromancy                   1
   c - Summon Small Mammal            Summoning                    1
   d - Apportation                    Translocation                1
Comestibles
 d - 5 rations


   Skills:
 + Level 4.2 Fighting
 + Level 3.2 Short Blades
 + Level 3.2 Long Blades
 + Level 3.2 Axes
 + Level 3.2 Maces & Flails
 + Level 3.2 Polearms
 + Level 3.2 Staves
 + Level 3.2 Slings
 + Level 3.2 Bows
 + Level 3.2 Crossbows
 + Level 3.2 Throwing
 + Level 3.2 Armour
 + Level 5.6 Dodging
 + Level 3.2 Stealth
 + Level 3.2 Shields
 + Level 7.3 Unarmed Combat
 + Level 6.0 Spellcasting
 + Level 2.6 Conjurations
 + Level 2.6 Hexes
 + Level 2.6 Charms
 + Level 2.6 Summonings
 + Level 2.6 Necromancy
 + Level 2.6 Translocations
 + Level 4.7 Transmutations
 + Level 2.6 Fire Magic
 + Level 2.6 Ice Magic
 + Level 2.6 Air Magic
 + Level 2.6 Earth Magic
 + Level 2.6 Poison Magic
 + Level 3.5 Invocations
 + Level 3.2 Evocations


You had 11 spell levels left.
You knew the following spells:

 Your Spells              Type           Power        Failure   Level  Hunger
e - Beastly Appendage     Tmut           ###...       1%          1    None
k - Sticks to Snakes      Tmut           ###.....     2%          2    None
n - Animate Skeleton      Necr           N/A          4%          1    None
p - Spider Form           Tmut/Pois      ###.......   9%          3    ##.....
A - Apportation           Tloc           ##....       4%          1    None


Dungeon Overview and Level Annotations

Branches:
Dungeon (7/15)
 Temple: D:4-7

Altars:
Ashenzari
Kikubaaqudgha
Qazlal
Wu Jian

Annotations:
D:6 Zleub's ghost, novice DrFi


Innate Abilities, Weirdness & Mutations

Your experience applies equally to all skills.
You have very sharp teeth.
Your uncanny sense of smell can sniff out nearby items.


Message History

The killer bee closely misses you.
You are feeling hungry.
You closely miss the killer bee. The killer bee barely misses you.
The killer bee misses you.
You closely miss the killer bee. The killer bee completely misses you.
The crimson imp summons a swarm of flies.
The crimson imp blinks!
The killer bee barely misses you.
You bite the killer bee!
The killer bee is poisoned.
The killer bee is heavily wounded.
The killer bee closely misses you.
You barely miss the killer bee.
The killer bee is heavily wounded.
The killer bee stings you.
You are poisoned.
The killer bee poisons you! The killer bee completely misses you.
You miss the killer bee.
The killer bee is severely wounded.
You feel sick.
You kill the killer bee!
The killer bee closely misses you.
You miss the killer bee.
Your transformation is almost over.
You feel sick. The killer bee completely misses you. The killer bee stings you!
* * * LOW HITPOINT WARNING * * *
You are more poisoned.
The killer bee poisons you!
You bite the killer bee!
The killer bee is poisoned.
The killer bee is severely wounded.
You feel sick. The killer bee misses you.
You feel sick.
You kill the killer bee!
Your Spellcasting skill increases to level 6!
You hit the killer bee.
The killer bee is poisoned.
The killer bee is lightly wounded.
You feel sick. The killer bee completely misses you. The killer bee stings you!
* * * LOW HITPOINT WARNING * * *
You are more poisoned.
The killer bee poisons you!
You feel much better.
You feel very sick. The killer bee stings you.
* * * LOW HITPOINT WARNING * * *
The killer bee stings you.
* * * LOW HITPOINT WARNING * * *
You barely miss the killer bee.
The killer bee is moderately wounded.
* * * LOW HITPOINT WARNING * * *
You feel very sick. The killer bee stings you.
* * * LOW HITPOINT WARNING * * *
The crimson imp grinds its teeth.
You bite the killer bee!
You kill the killer bee!
* * * LOW HITPOINT WARNING * * *
You feel sick.
You closely miss the crimson imp.
* * * LOW HITPOINT WARNING * * *
You feel sick. The crimson imp completely misses you.
You bite the crimson imp!
The crimson imp is severely wounded.
* * * LOW HITPOINT WARNING * * *
You feel sick.
You bite the crimson imp!
You kill the crimson imp!
* * * LOW HITPOINT WARNING * * *
You feel sick.
It was a potion of flight.
You feel very buoyant.
You fly up into the air.
Your transformation has ended.
Your +0 dagger unmelds from your body.
Your +0 pair of gloves unmelds from your body.
Your +2 robe of magic resistance unmelds from your body.
You feel resistant to hostile enchantments.
* * * LOW HITPOINT WARNING * * *
You feel sick.
It was a potion of lignification.
You turn into a tree.
Your +0 pair of gloves melds into your body.
Your +2 robe of magic resistance melds into your body.
You feel less resistant to hostile enchantments.
Your roots penetrate the ground.
* * * LOW HITPOINT WARNING * * *
You feel sick.
Wield which item (- for none, * to show all)? (? for menu, Esc to quit)
Okay, then.
Unknown command.
It was a potion of cancellation.
Your magical effects are unravelling.
You feel magically purged.
You feel less wooden.
Your +0 pair of gloves unmelds from your body.
Your +2 robe of magic resistance unmelds from your body.
You feel resistant to hostile enchantments.
* * * LOW HITPOINT WARNING * * *
You feel sick.
It was a potion of might.
You feel very mighty all of a sudden.
* * * LOW HITPOINT WARNING * * *
You feel sick.
Are you sure you want to abandon this character and quit the game? (Confirm with "yes".)

###.....#... #. +......##...
.. ..##.....''... #.#
#.......##... ..
##+##....##... #.
#########........##...
#.##................##.##
#..#..######........##.#
#.....†.@..'....###.##.#
#....#######....# #.##+##
#.#..#..........# #......
...#.>..#######..###......
..#.........................
#.
#y######.##..#............
.. #. ..## #######...... .
#. .# ####### #. #


There were no monsters in sight!

Vanquished Creatures
  An ice beast (D:7)
  A slave (D:4)
  2 ogres (D:4)
  6 killer bees (D:7)
  A wight (D:5)
  A howler monkey (D:6)
  A crimson imp (D:7)
  A bullfrog zombie (D:7)
  2 hounds (D:4)
  4 worker ants
  A hound skeleton (D:4)
  2 gnolls (D:3)
  4 adders
  An ooze (D:1)
  2 adder skeletons
  3 worms (D:2)
  2 dart slugs (D:2)
  A leopard gecko (D:1)
  3 orcs
  6 giant cockroaches
  6 goblins
  6 hobgoblins
  3 kobolds
  A quokka (D:6)
  9 bats
  3 frilled lizards
  4 leopard gecko skeletons
  A quokka zombie (D:5)
  2 rats
80 creatures vanquished.

Vanquished Creatures (collateral kills)
  Pikel (D:4)
  A gnoll (D:3)
  2 adders
  A frilled lizard (D:3)
  A kobold (D:2)
6 creatures vanquished.

Grand Total: 86 creatures vanquished

Notes
Turn   | Place    | Note
-------+----------+-------------------------------------------
     0 | D:1      | tidbits the Gnoll Transmuter began the quest for the Orb.
     0 | D:1      | Reached XP level 1. HP: 17/17 MP: 6/6
    53 | D:1      | Reached XP level 2. HP: 15/23 MP: 5/7
    57 | D:1      | Learned a level 2 spell: Sticks to Snakes
   261 | D:1      | Reached XP level 3. HP: 24/28 MP: 7/9
   266 | D:1      | Learned a level 3 spell: Spider Form
   275 | D:1      | Reached skill level 5 in Spellcasting
   369 | D:2      | Reached skill level 1 in Invocations
   416 | D:2      | Found a stormy altar of Qazlal.
   416 | D:2      | Found an ancient bone altar of Kikubaaqudgha.
   419 | D:2      | Found an ornate altar of the Wu Jian Council.
   518 | D:2      | Reached skill level 1 in Short Blades
   518 | D:2      | Reached skill level 1 in Long Blades
   518 | D:2      | Reached skill level 1 in Axes
   518 | D:2      | Reached skill level 1 in Maces & Flails
   518 | D:2      | Reached skill level 1 in Polearms
   518 | D:2      | Reached skill level 1 in Staves
   518 | D:2      | Reached skill level 1 in Slings
   518 | D:2      | Reached skill level 1 in Bows
   518 | D:2      | Reached skill level 1 in Crossbows
   518 | D:2      | Reached skill level 1 in Throwing
   518 | D:2      | Reached skill level 1 in Armour
   518 | D:2      | Reached skill level 1 in Stealth
   518 | D:2      | Reached skill level 1 in Shields
   518 | D:2      | Reached skill level 1 in Evocations
   539 | D:2      | Reached XP level 4. HP: 34/34 MP: 11/11
   687 | D:3      | You fall through a shaft for 3 floors!
   687 | D:6      | Noticed Zleub's ghost (novice DrFi)
   700 | D:6      | Reached skill level 1 in Conjurations
   700 | D:6      | Reached skill level 1 in Hexes
   700 | D:6      | Reached skill level 1 in Charms
   700 | D:6      | Reached skill level 1 in Summonings
   700 | D:6      | Reached skill level 1 in Necromancy
   700 | D:6      | Reached skill level 1 in Translocations
   700 | D:6      | Reached skill level 1 in Fire Magic
   700 | D:6      | Reached skill level 1 in Ice Magic
   700 | D:6      | Reached skill level 1 in Air Magic
   700 | D:6      | Reached skill level 1 in Earth Magic
   700 | D:6      | Reached skill level 1 in Poison Magic
   700 | D:6      | Reached XP level 5. HP: 34/40 MP: 10/12
   719 | D:5      | Entered Level 5 of the Dungeon
   728 | D:5      | Reached skill level 3 in Fighting
   732 | D:5      | Reached skill level 4 in Transmutations
   912 | D:5      | Found a shattered altar of Ashenzari.
   961 | D:3      | Reached skill level 2 in Invocations
   961 | D:3      | Reached XP level 6. HP: 24/47 MP: 10/13
   978 | D:3      | Learned a level 1 spell: Animate Skeleton
   982 | D:3      | Learned a level 1 spell: Apportation
  1051 | D:4      | Noticed a slave
  1051 | D:4      | Noticed a slave
  1051 | D:4      | Noticed a slave
  1054 | D:4      | Noticed Pikel
  1056 | D:4      | Noticed a slave
  1059 | D:4      | Killed a slave
  1091 | D:4      | Killed Pikel
  1091 | D:4      | Reached skill level 2 in Short Blades
  1091 | D:4      | Reached skill level 2 in Long Blades
  1091 | D:4      | Reached skill level 2 in Axes
  1091 | D:4      | Reached skill level 2 in Maces & Flails
  1091 | D:4      | Reached skill level 2 in Polearms
  1091 | D:4      | Reached skill level 2 in Staves
  1091 | D:4      | Reached skill level 2 in Slings
  1091 | D:4      | Reached skill level 2 in Bows
  1091 | D:4      | Reached skill level 2 in Crossbows
  1091 | D:4      | Reached skill level 2 in Throwing
  1091 | D:4      | Reached skill level 2 in Armour
  1091 | D:4      | Reached skill level 5 in Dodging
  1091 | D:4      | Reached skill level 2 in Stealth
  1091 | D:4      | Reached skill level 2 in Shields
  1091 | D:4      | Reached skill level 7 in Unarmed Combat
  1091 | D:4      | Reached skill level 2 in Evocations
  1091 | D:4      | Reached XP level 7. HP: 14/52 MP: 5/15
  1128 | D:4      | Reached skill level 2 in Conjurations
  1128 | D:4      | Reached skill level 2 in Hexes
  1128 | D:4      | Reached skill level 2 in Charms
  1128 | D:4      | Reached skill level 2 in Summonings
  1128 | D:4      | Reached skill level 2 in Necromancy
  1128 | D:4      | Reached skill level 2 in Translocations
  1128 | D:4      | Reached skill level 2 in Fire Magic
  1128 | D:4      | Reached skill level 2 in Ice Magic
  1128 | D:4      | Reached skill level 2 in Air Magic
  1128 | D:4      | Reached skill level 2 in Earth Magic
  1128 | D:4      | Reached skill level 2 in Poison Magic
  1251 | D:5      | Reached skill level 3 in Invocations
  1354 | D:7      | Reached XP level 8. HP: 20/60 MP: 16/16
  1439 | D:7      | Reached skill level 4 in Fighting
  1439 | D:7      | Reached skill level 3 in Short Blades
  1439 | D:7      | Reached skill level 3 in Long Blades
  1439 | D:7      | Reached skill level 3 in Axes
  1439 | D:7      | Reached skill level 3 in Maces & Flails
  1439 | D:7      | Reached skill level 3 in Polearms
  1439 | D:7      | Reached skill level 3 in Staves
  1439 | D:7      | Reached skill level 3 in Slings
  1439 | D:7      | Reached skill level 3 in Bows
  1439 | D:7      | Reached skill level 3 in Crossbows
  1439 | D:7      | Reached skill level 3 in Throwing
  1439 | D:7      | Reached skill level 3 in Armour
  1439 | D:7      | Reached skill level 3 in Stealth
  1439 | D:7      | Reached skill level 3 in Shields
  1439 | D:7      | Reached skill level 3 in Evocations
  1457 | D:7      | Reached skill level 6 in Spellcasting
  1466 | D:7      | HP: 9/90 [poisoned by a killer bee]
  1467 | D:7      | HP: 4/60 [poisoned by a killer bee]
  1469 | D:7      | Quit the game

Skill      XL: |  1  2  3  4  5  6  7  8 |
---------------+-------------------------+-----
Spellcasting   | 5 6 |  6.0
Invocations    | 1 2 3 |  3.5
Short Blades   | 1 2 3 |  3.2
Long Blades    | 1 2 3 |  3.2
Axes           | 1 2 3 |  3.2
Maces & Flails | 1 2 3 |  3.2
Polearms       | 1 2 3 |  3.2
Staves         | 1 2 3 |  3.2
Slings         | 1 2 3 |  3.2
Bows           | 1 2 3 |  3.2
Crossbows      | 1 2 3 |  3.2
Throwing       | 1 2 3 |  3.2
Armour         | 1 2 3 |  3.2
Stealth        | 1 2 3 |  3.2
Shields        | 1 2 3 |  3.2
Evocations     | 1 2 3 |  3.2
Conjurations   | 1 2 |  2.6
Hexes          | 1 2 |  2.6
Charms         | 1 2 |  2.6
Summonings     | 1 2 |  2.6
Necromancy     | 1 2 |  2.6
Translocations | 1 2 |  2.6
Fire Magic     | 1 2 |  2.6
Ice Magic      | 1 2 |  2.6
Air Magic      | 1 2 |  2.6
Earth Magic    | 1 2 |  2.6
Poison Magic   | 1 2 |  2.6
Fighting       | 3 4 |  4.2
Transmutations | 4 |  4.7
Dodging        | 5 |  5.6
Unarmed Combat | 7 |  7.3

Action                   |  1- 3 |  4- 6 |  7- 9 || total
-------------------------+-------+-------+-------++-------
Melee: Unarmed           |    74 |    75 |    78 ||   227
       Bite              |     1 |       |       ||     1
       Headbutt          |     2 |       |       ||     2
       Kick              |     1 |       |       ||     1
       Dagger            |     1 |     1 |       ||     2
 Cast: Beastly Appendage |     7 |       |       ||     7
       Spider Form       |     8 |    14 |     9 ||    31
       Sticks to Snakes  |     1 |    16 |     6 ||    23
       Apportation       |       |       |     2 ||     2
 Abil: End Transformatio |       |     1 |       ||     1
  Use: Scroll            |     5 |     1 |     1 ||     7
       Potion            |       |     3 |     7 ||    10
 Stab: Sleeping          |     3 |     2 |     2 ||     7
       Distracted        |     1 |       |     1 ||     2
  Eat: Ration            |     1 |       |       ||     1
       Chunk             |       |       |     1 ||     1
Armor: Robe              |     3 |       |       ||     3
       Skin              |       |     3 |     2 ||     5
Dodge: Dodged            |    52 |    62 |    76 ||   190

Table legend:
 A = Turns spent in this place as a percentage of turns spent in the entire game.
 B = Non-inter-level travel turns spent in this place as a percentage of non-inter-level travel turns spent in the entire game.
 C = Inter-level travel turns spent in this place as a percentage of turns spent in this place.
 D = Turns resting spent in this place as a percentage of non-inter-level travel turns spent in this place.
 E = Turns spent auto-exploring this place as a percentage of non-inter-level travel turns spent in this place.
 F = Non-inter-level travel turns spent in this place divided by the number of levels of this place that you've seen.
                   A       B       C       D       E      F
               +-------+-------+-------+-------+-------+----------------------
         Total | 100.0 | 100.0 |   0.0 |   0.0 |   0.0 | 209.9
       Dungeon | 100.0 | 100.0 |   0.0 |   0.0 |   0.0 | 209.9
               +-------+-------+-------+-------+-------+----------------------

Table legend:
 A = Kills in this place as a percentage of kills in entire the game.
 B = Kills by you in this place as a percentage of kills by you in the entire game.
 C = Kills by friends in this place as a percentage of kills by friends in the entire game.
 D = Other kills in this place as a percentage of other kills in the entire game.
 E = Experience gained in this place as a percentage of experience gained in the entire game.
 F = Experience gained in this place divided by the number of levels of this place that you have seen.
                   A       B       C       D       E      F
               +-------+-------+-------+-------+-------+----------------------
         Total | 100.0 | 100.0 | 100.0 |   N/A | 100.0 | 251.0
       Dungeon | 100.0 | 100.0 | 100.0 |   N/A | 100.0 | 251.0
               +-------+-------+-------+-------+-------+----------------------

Vault maps used:
D:1:      eino_arrival_druids_welcome, hex_tiny, tso_altar
D:2:      gammafunk_temple_overflow_claw, first_ration, st_stairs_3
D:4:      yredelemnul_forgotten_temple_becter, temple_green, uniq_pikel
D:5:      lemuel_doored_altar, cheibrodos_ashenzari_chains,
          uniq_crazy_yiuf_cottage, uniq_eustachio
D:6:      gup_sewer_entry_bubbles
D:7:      chequers_temple_overflow_minitemple, chequers_ossuary_entry_cave
